TOP OF THE 1ST |
Orlando Calrissian batting - Pitching for Hendersonville Hitmen : RHP Marcos Miranda
|
Pitching: RHP Marcos Miranda
|
|
Batting: LHB Craig Kenney
|
0-0: Called Strike 0-1: SINGLE (Groundball, 56D)
|
Batting: SHB Tim Abbott
|
0-0: Swinging Strike 0-1: Ball 1-1: Ball 2-1: Foul Ball, location: 2F 2-2: Strikes out swinging
|
Batting: RHB Rich Anderson
|
0-0: Ball 1-0: Ball 2-0: Called Strike 2-1: Ball 3-1: Base on Balls Craig Kenney to second
|
Batting: RHB Raúl Canó
|
0-0: Foul Ball, location: 2F 0-1: Foul Ball, location: 2F 0-2: Strikes out looking
|
Batting: RHB Júlio Negrón
|
0-0: Called Strike 0-1: Fly out, F3 (Popup, 3SF)
|
Top of the 1st over - 0 runs, 1 hit, 0 errors, 2 left on base; Orlando 0 - Hendersonville 0 |
BOTTOM OF THE 1ST |
Hendersonville Hitmen batting - Pitching for Orlando Calrissian : RHP Dave Heath
|
Pitching: RHP Dave Heath
|
|
Batting: SHB Félix Montoya
|
0-0: Called Strike 0-1: SINGLE (Flyball, 89S)
|
Batting: RHB Felipe Jareño
|
0-0: Ball 1-0: Ball Félix Montoya steals 2nd base 2-0: Ball 3-0: Base on Balls
|
Batting: LHB Robert Phillips
|
0-0: Ball 1-0: Foul Ball, location: 2F 1-1: Ball 2-1: DOUBLE (Line Drive, 7LM) Félix Montoya scores Felipe Jareño to third
|
Batting: LHB Pedro Rodríguez
|
0-0: Called Strike 0-1: Foul Ball, location: 2F 0-2: Strikes out swinging
|
Batting: LHB José Berroa
|
0-0: Called Strike 0-1: Fly out, F3 (Popup, 3)
|
Batting: LHB Pedro Gonzáles
|
0-0: Called Strike 0-1: Ball 1-1: Ball 2-1: Ball 3-1: Base on Balls
|
Batting: LHB Milo Glenn
|
0-0: Foul Ball, location: 2F 0-1: Ball 1-1: DOUBLE (Line Drive, 3D) Felipe Jareño scores Robert Phillips scores Pedro Gonzáles to third Runner from 3rd tries for Home, SAFE, no throw
|
Batting: SHB José Estreito
|
0-0: Called Strike 0-1: Swinging Strike 0-2: SINGLE (Line Drive, 7LS) Milo Glenn to third Runner from 3rd tries for Home, SAFE, no throw
|
Batting: LHB Miguel García
|
0-0: Ball 1-0: Ball 2-0: Ground out 4-3 (Groundball, 4)
|
Bottom of the 1st over - 5 runs, 4 hits, 0 errors, 1 left on base; Orlando 0 - Hendersonville 5 |
TOP OF THE 2ND |
Orlando Calrissian batting - Pitching for Hendersonville Hitmen : RHP Marcos Miranda
|
Batting: RHB Frederico Hernández
|
0-0: Ball 1-0: SINGLE (Line Drive, 7LM)
|
Batting: RHB Sean White
|
0-0: Ball 1-0: Foul Ball, location: 2F 1-1: SINGLE (Groundball, 6MD) Frederico Hernández to second
|
Batting: RHB Gabriel Ángel
|
0-0: Foul Ball, location: 2F 0-1: Ball 1-1: Ball 2-1: Foul Ball, location: 2F 2-2: Ball 3-2: Strikes out swinging
|
Batting: RHB Robby Lewis
|
0-0: Ball 1-0: Called Strike 1-1: Ball 2-1: Swinging Strike 2-2: Strikes out looking
|
Batting: LHB Craig Kenney
|
0-0: Ball 1-0: Ball 2-0: Ball 3-0: Called Strike 3-1: Base on Balls Frederico Hernández to third Sean White to second
|
Batting: SHB Tim Abbott
|
0-0: Ball 1-0: Called Strike 1-1: Foul Ball, location: 2F 1-2: Strikes out swinging
|
Top of the 2nd over - 0 runs, 2 hits, 0 errors, 3 left on base; Orlando 0 - Hendersonville 5 |
BOTTOM OF THE 2ND |
Hendersonville Hitmen batting - Pitching for Orlando Calrissian : RHP Dave Heath
|
Batting: SHB Félix Montoya
|
0-0: Called Strike 0-1: Swinging Strike 0-2: Ball 1-2: Strikes out swinging
|
Batting: RHB Felipe Jareño
|
0-0: Ball 1-0: Ground out 1-3 (Groundball, 13S)
|
Batting: LHB Robert Phillips
|
0-0: Called Strike 0-1: Ball 1-1: Ball 2-1: Called Strike 2-2: Strikes out swinging
|
Bottom of the 2nd over - 0 runs, 0 hits, 0 errors, 0 left on base; Orlando 0 - Hendersonville 5 |
TOP OF THE 3RD |
Orlando Calrissian batting - Pitching for Hendersonville Hitmen : RHP Marcos Miranda
|
Batting: RHB Rich Anderson
|
0-0: Called Strike 0-1: Ball 1-1: Foul Ball, location: 2F 1-2: DOUBLE (Line Drive, 89XD)
|
Batting: RHB Raúl Canó
|
0-0: Ball 1-0: Ball 2-0: Ground out 5-3 (Groundball, 56S) Rich Anderson to third
|
Batting: RHB Júlio Negrón
|
0-0: Ball 1-0: Fly out, F8 (Flyball, 78S) Runner from 3rd tags up, SCORES, no throw
|
Batting: RHB Frederico Hernández
|
0-0: Ball 1-0: Ball 2-0: Called Strike 2-1: Ball 3-1: Foul Ball, location: 2F 3-2: Fly out, F9 (Flyball, 9LS)
|
Top of the 3rd over - 1 run, 1 hit, 0 errors, 0 left on base; Orlando 1 - Hendersonville 5 |
BOTTOM OF THE 3RD |
Hendersonville Hitmen batting - Pitching for Orlando Calrissian : RHP Dave Heath
|
Batting: LHB Pedro Rodríguez
|
0-0: Ball 1-0: Ball 2-0: Called Strike 2-1: Ground out U3 (Groundball, 3)
|
Batting: LHB José Berroa
|
0-0: Ball 1-0: Foul Ball, location: 2F 1-1: Called Strike 1-2: Foul Ball, location: 2F 1-2: Ground out 4-3 (Groundball, 4)
|
Batting: LHB Pedro Gonzáles
|
0-0: Called Strike 0-1: Called Strike 0-2: Ball 1-2: Ball 2-2: Fly out, F4 (Popup, 4S)
|
Bottom of the 3rd over - 0 runs, 0 hits, 0 errors, 0 left on base; Orlando 1 - Hendersonville 5 |
TOP OF THE 4TH |
Orlando Calrissian batting - Pitching for Hendersonville Hitmen : RHP Marcos Miranda
|
Batting: RHB Sean White
|
0-0: Called Strike 0-1: Ball 1-1: Foul Ball, location: 2F 1-2: Strikes out swinging
|
Batting: RHB Gabriel Ángel
|
0-0: Called Strike 0-1: Swinging Strike 0-2: Strikes out looking
|
Batting: RHB Robby Lewis
|
0-0: Ball 1-0: Fly out, F8 (Flyball, 89S)
|
Top of the 4th over - 0 runs, 0 hits, 0 errors, 0 left on base; Orlando 1 - Hendersonville 5 |
BOTTOM OF THE 4TH |
Hendersonville Hitmen batting - Pitching for Orlando Calrissian : RHP Dave Heath
|
Batting: LHB Milo Glenn
|
0-0: Called Strike 0-1: Ball 1-1: Ball 2-1: Swinging Strike 2-2: Fly out, F8 (Flyball, 8LM)
|
Batting: SHB José Estreito
|
0-0: Foul Ball, location: 2F 0-1: SINGLE (Line Drive, 6D)
|
Batting: LHB Miguel García
|
0-0: Fly out, F7 (Flyball, 7S)
|
Batting: SHB Félix Montoya
|
0-0: Ball José Estreito steals 2nd base 1-0: DOUBLE (Groundball, 3L) José Estreito scores
|
Batting: RHB Felipe Jareño
|
0-0: Ball Wild Pitch! Félix Montoya to third 1-0: Ground out 3-1 (Groundball, 34S)
|
Bottom of the 4th over - 1 run, 2 hits, 0 errors, 1 left on base; Orlando 1 - Hendersonville 6 |
TOP OF THE 5TH |
Orlando Calrissian batting - Pitching for Hendersonville Hitmen : RHP Marcos Miranda
|
Batting: LHB Craig Kenney
|
0-0: Called Strike 0-1: Ball 1-1: Swinging Strike 1-2: SINGLE (Line Drive, 8LS)
|
Batting: SHB Tim Abbott
|
0-0: Ball 1-0: Called Strike 1-1: SINGLE (Line Drive, 6MD) Craig Kenney to second
|
Batting: RHB Rich Anderson
|
0-0: Ball 1-0: Foul Ball, location: 2F 1-1: Fly out, F7 (Flyball, 78S)
|
Batting: RHB Raúl Canó
|
0-0: Called Strike Craig Kenney steals 3rd base Tim Abbott to second 0-1: Ball 1-1: Foul Ball, location: 2F 1-2: Fly out, F5 (Line Drive, 5)
|
Batting: RHB Júlio Negrón
|
0-0: Called Strike 0-1: Ball 1-1: DOUBLE (Groundball, 3L) Craig Kenney scores Tim Abbott scores
|
Batting: RHB Frederico Hernández
|
0-0: Ball 1-0: Ball 2-0: Ground out 6-3 (Groundball, 6)
|
Top of the 5th over - 2 runs, 3 hits, 0 errors, 1 left on base; Orlando 3 - Hendersonville 6 |
BOTTOM OF THE 5TH |
Hendersonville Hitmen batting - Pitching for Orlando Calrissian : RHP Dave Heath
|
Batting: LHB Robert Phillips
|
0-0: Ball 1-0: Foul Ball, location: 2F 1-1: Swinging Strike 1-2: Foul Ball, location: 2F 1-2: SINGLE (Line Drive, 6D)
|
Batting: LHB Pedro Rodríguez
|
0-0: Fielders Choice at 2nd, 1-6 (Groundball, 13S)
|
Batting: LHB José Berroa
|
0-0: Grounds into double play, 5-4-3 (Groundball, 56)
|
Bottom of the 5th over - 0 runs, 1 hit, 0 errors, 0 left on base; Orlando 3 - Hendersonville 6 |
TOP OF THE 6TH |
Orlando Calrissian batting - Pitching for Hendersonville Hitmen : RHP Marcos Miranda
|
Batting: RHB Sean White
|
0-0: Ball 1-0: Called Strike 1-1: SINGLE (Groundball, 4MD)
|
Batting: RHB Gabriel Ángel
|
0-0: Ball 1-0: Ball 2-0: Called Strike 2-1: Called Strike 2-2: Ball 3-2: Fly out, F3 (Popup, 23F)
|
Batting: RHB Robby Lewis
|
0-0: Ball 1-0: Called Strike 1-1: Foul Ball, location: 2F 1-2: Ball 2-2: Strikes out swinging
|
Batting: LHB Craig Kenney
|
0-0: Ball 1-0: Called Strike 1-1: Called Strike 1-2: Ball 2-2: Ball 3-2: Ground out 4-3 (Groundball, 4)
|
Top of the 6th over - 0 runs, 1 hit, 0 errors, 1 left on base; Orlando 3 - Hendersonville 6 |
BOTTOM OF THE 6TH |
Hendersonville Hitmen batting - Pitching for Orlando Calrissian : RHP Dave Heath
|
Batting: LHB Pedro Gonzáles
|
0-0: Foul Ball, location: 2F 0-1: Ball 1-1: Foul Ball, location: 2F 1-2: Ground out 6-3 (Groundball, 6)
|
Batting: LHB Milo Glenn
|
0-0: Ball 1-0: Ball 2-0: SINGLE (Groundball, 34D)
|
Batting: SHB José Estreito
|
0-0: Ball 1-0: Foul Ball, location: 2F 1-1: Called Strike 1-2: Fly out, F3 (Line Drive, 34)
|
Batting: LHB Miguel García
|
0-0: Called Strike 0-1: Ball 1-1: Swinging Strike 1-2: SINGLE (Line Drive, 4MD) Milo Glenn to second Runner from 2nd tries for 3rd, SAFE after rundown.
|
Batting: SHB Félix Montoya
|
0-0: Ball 1-0: Ball 2-0: Ball 3-0: Called Strike 3-1: Base on Balls Miguel García to second
|
Pitching: RHP Will Huggins
|
|
Batting: RHB Felipe Jareño
|
0-0: Ball 1-0: Swinging Strike 1-1: Swinging Strike 1-2: Strikes out looking
|
Bottom of the 6th over - 0 runs, 2 hits, 0 errors, 3 left on base; Orlando 3 - Hendersonville 6 |
TOP OF THE 7TH |
Orlando Calrissian batting - Pitching for Hendersonville Hitmen : RHP Marcos Miranda
|
Pitching: RHP Ignacio Morales
|
|
Batting: SHB Tim Abbott
|
0-0: Called Strike 0-1: Ball 1-1: Swinging Strike 1-2: Strikes out swinging
|
Batting: RHB Rich Anderson
|
0-0: Fly out, F8 (Flyball, 8LXD)
|
Batting: RHB Raúl Canó
|
0-0: Called Strike 0-1: Ball 1-1: Foul Ball, location: 2F 1-2: Ball 2-2: Foul Ball, location: 2F 2-2: Foul Ball, location: 2F 2-2: Ball 3-2: Base on Balls
|
Batting: RHB Júlio Negrón
|
0-0: Swinging Strike 0-1: Swinging Strike 0-2: Ball 1-2: Strikes out looking
|
Top of the 7th over - 0 runs, 0 hits, 0 errors, 1 left on base; Orlando 3 - Hendersonville 6 |
BOTTOM OF THE 7TH |
Hendersonville Hitmen batting - Pitching for Orlando Calrissian : RHP Will Huggins
|
Batting: LHB Robert Phillips
|
0-0: Ball 1-0: Ground out 5-3 (Groundball, 5S)
|
Batting: LHB Pedro Rodríguez
|
0-0: Called Strike 0-1: DOUBLE (Line Drive, 7LM)
|
Batting: LHB José Berroa
|
0-0: Ball 1-0: Ball 2-0: Ground out 6-3 (Groundball, 6)
|
Batting: LHB Pedro Gonzáles
|
0-0: Called Strike 0-1: Ball 1-1: Ground out 5-3 (Groundball, 56S)
|
Bottom of the 7th over - 0 runs, 1 hit, 0 errors, 1 left on base; Orlando 3 - Hendersonville 6 |
TOP OF THE 8TH |
Orlando Calrissian batting - Pitching for Hendersonville Hitmen : RHP Ignacio Morales
|
Batting: RHB Frederico Hernández
|
0-0: Called Strike 0-1: Ball 1-1: Ground out 5-3 (Groundball, 56)
|
Batting: RHB Sean White
|
0-0: Called Strike 0-1: Foul Ball, location: 2F 0-2: Foul Ball, location: 2F 0-2: Foul Ball, location: 2F 0-2: Ball 1-2: Ball 2-2: Ground out 3-1 (Groundball, 34S)
|
Batting: RHB Gabriel Ángel
|
0-0: Swinging Strike 0-1: Called Strike 0-2: Foul Ball, location: 2F 0-2: Ball 1-2: Foul Ball, location: 2F 1-2: Ball 2-2: Strikes out swinging
|
Top of the 8th over - 0 runs, 0 hits, 0 errors, 0 left on base; Orlando 3 - Hendersonville 6 |
BOTTOM OF THE 8TH |
Hendersonville Hitmen batting - Pitching for Orlando Calrissian : RHP Will Huggins
|
Batting: LHB Milo Glenn
|
0-0: Ball 1-0: DOUBLE (Flyball, 78XD)
|
Batting: SHB José Estreito
|
0-0: Ball 1-0: Ball 2-0: Called Strike 2-1: Called Strike 2-2: Strikes out swinging
|
Batting: LHB Miguel García
|
0-0: Called Strike 0-1: Foul Ball, location: 2F 0-2: Foul Ball, location: 2F 0-2: Ground out 6-3 (Groundball, 6)
|
Batting: SHB Félix Montoya
|
0-0: Called Strike 0-1: Ball 1-1: Foul Ball, location: 2F 1-2: SINGLE (Flyball, 89S) Milo Glenn to third Runner from 3rd tries for Home, SAFE, no throw
|
Batting: RHB Felipe Jareño
|
0-0: Ball Félix Montoya is caught stealing 2nd base
|
Bottom of the 8th over - 1 run, 2 hits, 0 errors, 0 left on base; Orlando 3 - Hendersonville 7 |
TOP OF THE 9TH |
Orlando Calrissian batting - Pitching for Hendersonville Hitmen : RHP Ignacio Morales
|
Batting: RHB Robby Lewis
|
0-0: Ball 1-0: Ground out 4-3 (Groundball, 4)
|
Batting: LHB Craig Kenney
|
0-0: Ball 1-0: Ball 2-0: Called Strike 2-1: Foul Ball, location: 2F 2-2: Ball 3-2: Reached on error, E5 (Groundball, 56S)
|
Pitching: RHP Guy Hebert
|
|
Batting: SHB Tim Abbott
|
0-0: Swinging Strike 0-1: Ball 1-1: SINGLE (Groundball, 6MD) Craig Kenney to second
|
Pitching: RHP Jason Mason
|
|
Batting: RHB Rich Anderson
|
0-0: Called Strike 0-1: Ball 1-1: Foul Ball, location: 2F 1-2: Strikes out swinging
|
Batting: RHB Raúl Canó
|
0-0: Fielders Choice at 2nd, 6-4 (Groundball, 6)
|
Top of the 9th over - 0 runs, 1 hit, 1 error, 2 left on base; Orlando 3 - Hendersonville 7 |
|